 Dungeon Crawl Stone Soup version 0.31.0-9-g3a7656b989 (webtiles) character file.

Game seed: 4432886648177967302

143 qw the Shooter (level 5, -3/26 HPs)
             Began as a Spriggan Hunter on Feb 2, 2024.
             Blown up by Ijyb (14 damage)
             ... with a mindburst bolt
             ... on level 3 of the Dungeon.
             The game lasted 00:00:07 (1991 turns).

qw the Shooter (Spriggan Hunter)                    Turns: 1991, Time: 00:00:08

Health: -3/26      AC:  2    Str:  7    XL:     5   Next: 4%
Magic:  6/6        EV: 20    Int: 10    God:
Gold:   128        SH:  0    Dex: 21    Spells: 4/4 levels left

rFire   . . .        a - +0 shortbow (flame)
rCold   . . .        (shield currently unavailable)
rNeg    . . .        c - +0 robe
rPois   .            (helmet restricted)
rElec   .            (no cloak)
rCorr   +            (gloves unavailable)
SInv    +            (boots unavailable)
Will    .....        (no amulet)
Stlth   ++           i - ring of resist corrosion
HPRegen 0.24/turn    (no ring)
MPRegen 0.10/turn

%: no passive effects
@: very quick
A: very small, no large weapons, unfitting armour, see invisible, speed 3
a: no special abilities


You were on level 3 of the Dungeon.
You visited 1 branch of the dungeon, and saw 4 of its levels.

You collected 128 gold pieces.


Innate Abilities, Weirdness & Mutations

You are very small and have problems with some larger weapons.
You are too small for most types of armour.
You have supernaturally acute eyesight. (SInv)
You cover ground extremely quickly. (Speed+++)


   Skills:
 + Level 1.9 Fighting
 - Level 5.3 Ranged Weapons
 - Level 5.0 Dodging
 - Level 1.5 Stealth


You had 4 spell levels left.
You didn't know any spells.
Your spell library was empty.

Inventory:

Hand Weapons
 a - a +0 shortbow of flaming (weapon)
Armour
 c - a +0 robe (worn)
Jewellery
 i - a ring of resist corrosion (left hand)
Scrolls
 b - a scroll of fear {unknown}
Potions
 d - a potion of resistance {unknown}
 e - 2 potions of might
 f - 2 potions of curing
 g - a potion of enlightenment
 h - a potion of brilliance {unknown}

Dungeon Overview and Level Annotations

Branches:
Dungeon (4/15)
 Temple: D:4-7

Altars:

Annotations:
D:3 Ijyb


Message History

There is a stone staircase leading down here.
You climb downwards.
There is a stone staircase leading up here.
You see here a potion of invisibility.
You see here a frilled lizard skeleton.
A ball python comes into view.
Found a robe.
You shoot an arrow.
The arrow closely misses the ball python.
The ball python hisses angrily.
You shoot an arrow.
The arrow barely misses the ball python.
You shoot an arrow.
The arrow closely misses the ball python.
You shoot an arrow. The arrow hits the ball python!
The arrow burns the ball python.
You kill the ball python!
Found a potion of invisibility.
Found a stone staircase leading down.
b - a scroll labelled BOALOS EMIBBA You now have 128 gold pieces (gained 14).
Found a club.
Ijyb the Twisted Goblin comes into view.
She is wielding a +0 dagger and carrying a wand of mindburst.
You see here 12 gold pieces.
You shoot an arrow. The arrow hits Ijyb.
The arrow burns Ijyb.
Ijyb is lightly wounded.
You shoot an arrow. The arrow closely misses Ijyb.
You shoot an arrow. The arrow hits Ijyb but does no damage.
Ijyb is lightly wounded.
You shoot an arrow. The arrow barely misses Ijyb.
Ijyb zaps a wand.
Your mind is blasted!
Ouch! That really hurt!
You shoot an arrow. The arrow hits Ijyb.
The arrow burns Ijyb.
Ijyb is heavily wounded.
You shoot an arrow. The arrow hits Ijyb.
The arrow burns Ijyb.
Ijyb is severely wounded.
Ijyb screams, "I cut your head off!"
Ijyb zaps a wand.
Your mind is blasted!
Ouch! That really hurt!
You die...

....>................ ..........
###..##.#######.#.#.# ..........
....................# ..........
.....#...######.#.####..........
.........+...$#.#...............
###..#...##..........######...##
#..######............ ###(.. #.
.............). ###. #.
.......@....... ##
............... ....#.#g#+#####
....#.#.# ### ..#.# .###.. ..
... ## #..


You could see Ijyb.

Vanquished Creatures
  A hound (D:4)
  5 adders (D:2)
  3 dart slugs (D:2)
  A ribbon worm (D:2)
  6 endoplasms
  2 giant cockroaches
  4 goblins
  4 hobgoblins
  3 jackals (D:2)
  4 kobolds
  4 quokkas (D:1)
  9 ball pythons
  6 bats
  4 frilled lizards
  8 rats (D:1)
64 creatures vanquished.

Notes
Turn   | Place    | Note
-------+----------+-------------------------------------------
     0 | D:1      | qw the Spriggan Hunter began the quest for the Orb.
     0 | D:1      | Reached XP level 1. HP: 10/10 MP: 2/2
     0 | D:1      | 0 ||| qw: Version: 0.3-a-155-g5e7d8dd
     0 | D:1      | 0 ||| qw: Game counter: 2418
     0 | D:1      | 0 ||| qw: Melee chars always use a shield: true
     0 | D:1      | 0 ||| qw: God list: Okawaru
     0 | D:1      | 0 ||| qw: Allow faded altars: false
     0 | D:1      | 0 ||| qw: Do Orc after clearing Dungeon:15 true
     0 | D:1      | 0 ||| qw: Do second Lair branch before Depths: true
     0 | D:1      | 0 ||| qw: Lair rune preference: random
     0 | D:1      | 0 ||| qw: Goals: Normal
     0 | D:1      | 0 ||| PLANNING D:1-11
    45 | D:1      | Reached skill level 3 in Dodging
   178 | D:1      | Reached XP level 2. HP: 6/14 MP: 3/3
   516 | D:1      | Reached XP level 3. HP: 18/18 MP: 4/4
   825 | D:1      | 825 ||| READING 3 scrolls labelled SOOTOU WAPUFATZ.
   825 | D:1      | 825 ||| IDENTIFYING inky potion
   826 | D:1      | 826 ||| READING 2 scrolls of identify.
   826 | D:1      | 826 ||| IDENTIFYING smoky red potion
   827 | D:1      | 827 ||| READING scroll of identify.
   827 | D:1      | 827 ||| IDENTIFYING gluggy clear potion
   828 | D:1      | 828 ||| DROPPING scroll of butterflies.
   949 | D:2      | You fall into a shaft and drop 2 floors!
   980 | D:4      | Reached XP level 4. HP: 19/22 MP: 5/5
  1011 | D:4      | 1011 ||| READING scroll labelled ACRERESOIK.
  1013 | D:4      | 1013 ||| FLEEEEING.
  1014 | D:4      | 1014 ||| FLEEEEING.
  1018 | D:4      | 1018 ||| FLEEEEING.
  1019 | D:4      | 1019 ||| STAIRDANCE
  1181 | D:3      | 1181 ||| READING scroll of identify.
  1181 | D:3      | 1181 ||| IDENTIFYING sedimented black potion
  1182 | D:3      | 1182 ||| READING scroll labelled CUOLUG BASASM.
  1182 | D:3      | 1182 ||| BRANDING +0 shortbow.
  1183 | D:3      | 1183 ||| READING scroll labelled SULEPH ENIELO.
  1284 | D:3      | 1284 ||| DROPPING potion of invisibility.
  1774 | D:2      | 1774 ||| FLEEEEING.
  1778 | D:2      | Reached XP level 5. HP: 20/26 MP: 6/6
  1778 | D:2      | 1778 ||| FLEEEEING.
  1839 | D:2      | 1839 ||| UPGRADING to ring of resist corrosion.
  1840 | D:2      | 1840 ||| READING scroll labelled ATRITW QAIXY.
  1985 | D:3      | Noticed Ijyb
  1991 | D:3      | Blown up by Ijyb

Levels and vault maps discovered:
D:1:      matt_arrival_diagonals, layout_basic, minmay_misc_feat_cross
D:2:      layout_basic
D:3:      layout_basic, chequers_temple_overflow_statue_of_worship, uniq_ijyb
D:4:      cheibrodos_pilgrimage, layout_basic, nicolae_overflow_two_pavilions,
          ebering_ghost_disaster_area

Skill      XL: |  1  2  3  4 |
---------------+-------------+-----
Dodging        | 3 4 5 |  5.0
Ranged Weapons | 5 |  5.3
Fighting       | |  1.9
Stealth        | |  1.5

Action                     |  1- 3 |  4- 6 || total
---------------------------+-------+-------++-------
   Fire: Shortbow          |    99 |    65 ||   164
    Use: Scroll            |     3 |     5 ||     8
 Armour: Robe              |    16 |     2 ||    18
  Dodge: Dodged            |    16 |     1 ||    17

Table legend:
 A = Non-vault XP
 B = Vault XP
 C = Vault XP percentage of total XP
 D = Non-vault monster count
 E = Vault monster count
 F = Vault count percentage of total count
                 A         B        C        D         E       F
            +---------+---------+-------+---------+---------+-------
      Total |     205 |       0 |   0.0 |      64 |       0 |   0.0
            +---------+---------+-------+---------+---------+-------
        D:1 |      49 |       0 |   0.0 |      32 |       0 |   0.0
        D:2 |     109 |       0 |   0.0 |      26 |       0 |   0.0
        D:3 |       7 |       0 |   0.0 |       5 |       0 |   0.0
        D:4 |      40 |       0 |   0.0 |       1 |       0 |   0.0
            +---------+---------+-------+---------+---------+-------
